 Dungeon Crawl Stone Soup version 0.31-a0-831-g143b1e81fc (webtiles) character file.

Game seed: 13623624249541828216

141 Dirtsage the Chopper (level 5, -3/39 (41) HPs)
             Began as a Demonspawn Fighter on Sept 24, 2023.
             Slain by a gnoll
             ... wielding a +2 flail of draining
              (9 damage)
             ... on level 3 of the Dungeon.
             The game lasted 00:02:30 (2207 turns).

Dirtsage the Chopper (Demonspawn Fighter)           Turns: 2207, Time: 00:02:30

HP:   -3/39 (41)    AC:  8    Str: 19    XL:     5   Next: 3%
MP:   5/5           EV: 10    Int:  9    God:
Gold: 137           SH:  4    Dex: 12    Spells: 4/4 levels left

rFire   . . .        a - +0 war axe
rCold   + . .        c - +0 buckler
rNeg    . . .        r - +3 leather armour of Serendipity {Fly rC+ Regen+}
rPois   .            n - +1 helmet
rElec   .            (no cloak)
rCorr   .            (no gloves)
SInv    .            (no boots)
Will    .....        (no amulet)
Stlth   +            (no ring)
HPRegen 1.06/turn    (no ring)
MPRegen 0.09/turn

%: no passive effects
@: flying, lightly drained
A: foul stench 2
a: no special abilities


You were on level 3 of the Dungeon.
You visited 1 branch of the dungeon, and saw 3 of its levels.

You collected 137 gold pieces.

Inventory:

Hand Weapons
 a - a +0 war axe (weapon)
Armour
 b - a +0 scale mail
 c - a +0 buckler (worn)
 k - the +4 ring mail of Abstinence {rC+}
   (You found it on level 2 of the Dungeon)

   rC+:       It protects you from cold.
 n - a +1 helmet (worn)
 r - the +3 leather armour of Serendipity (worn) {Fly rC+ Regen+}
   (You found it on level 2 of the Dungeon)

   rC+:       It protects you from cold.
   Fly:       It grants you flight.
   Regen+:    It increases your rate of health regeneration.
Jewellery
 W - a ring of wizardry
Scrolls
 e - 5 scrolls of identify {unknown}
 j - a scroll of fog {unknown}
 l - a scroll of immolation {unknown}
 o - 2 scrolls of teleportation {unknown}
 p - a scroll of amnesia {unknown}
 q - a scroll of enchant weapon {unknown}
 s - a scroll of butterflies {unknown}
Potions
 d - a potion of might
 f - 2 potions of degeneration {unknown}
 g - a potion of mutation {unknown}
 h - a potion of heal wounds {unknown}
 i - a potion of enlightenment {unknown}
 m - a potion of lignification {unknown}


   Skills:
 - Level 3.0 Fighting
 + Level 4.8 Axes
 - Level 2.6 Armour
 - Level 2.6 Shields


You had 4 spell levels left.
You didn't know any spells.
Your spell library was empty.

Dungeon Overview and Level Annotations

Branches:
Dungeon (3/15)

Altars:

Shops:
D:2 =


Innate Abilities, Weirdness & Mutations

You sometimes emit foul miasma when damaged in melee.


Message History

The gnoll hits you with a +0 spear. The gnoll hits you but does no damage.
You block the gnoll's attack.
The gnoll hits you with a +2 flail of draining.
You feel drained. The gnoll hits you with a +0 spear.
* * * LOW HITPOINT WARNING * * *
The gnoll closely misses you. The gnoll hits you with a +0 spear.
* * * LOW HITPOINT WARNING * * *
You emit a cloud of foul miasma!
You block the gnoll's attack.
You take 10 damage, and have 6/32 hp.
MASSIVE DAMAGE!!
You closely miss the gnoll.
The gnoll is moderately wounded.
You slash the gnoll! You closely miss the gnoll. You slash the gnoll!
You kill the gnoll!
The gnoll hits you but does no damage.
The gnoll hits you with a +2 flail of draining.
* * * LOW HITPOINT WARNING * * *
You feel drained.
* * * LOW HITPOINT WARNING * * *
The gnoll is engulfed in dark miasma.
The gnoll is poisoned.
The gnoll hits you but does no damage.
You take 3 damage, and have 3/31 hp.
You hit the gnoll but do no damage.
The gnoll is severely wounded.
You hit the gnoll. x2
You kill the gnoll!
You hit the goblin.
You kill the goblin!
The gnoll is engulfed in dark miasma.
The gnoll looks even sicker.
You kill the gnoll!
The gnoll barely misses you.
You have reached level 5!
You regained 2 hp, and now have 5/39 hp.
MP restored: 5 You slash the adder skeleton!
You destroy the adder skeleton!
You closely miss the gnoll. You barely miss the hobgoblin.
You barely miss the goblin. The goblin hits you but does no damage.
The hobgoblin completely misses you.
The gnoll hits you with a +2 flail of draining!
You die...

####'#+#.#
#........#
#........#
#........# #
#........# .#'
#........# ....
#........##.....
#.....(..g......
####....@Z......
#####gg.....#
#Z.......
#........
#........
#........
####.#..( ....#


You could see a gnoll, a ball python zombie, a hobgoblin, a goblin and a water
moccasin skeleton.

Vanquished Creatures
  Robin (D:2)
  4 adders (D:2)
  3 gnolls (D:3)
  An adder skeleton (D:3)
  A worm (D:2)
  2 dart slugs (D:1)
  An orc (D:3)
  3 ball pythons
  5 bats
  3 endoplasms
  A giant cockroach (D:1)
  16 goblins
  3 hobgoblins
  A quokka (D:1)
  6 frilled lizards
  3 kobolds
  6 rats
60 creatures vanquished.

Notes
Turn   | Place    | Note
-------+----------+-------------------------------------------
     0 | D:1      | Dirtsage the Demonspawn Fighter began the quest for the
                  | Orb.
     0 | D:1      | Reached XP level 1. HP: 18/18 MP: 1/1
    64 | D:1      | Reached skill level 2 in Axes
    78 | D:1      | Gained mutation: You may rarely emit foul miasma when
                  | damaged in melee. [demonic ancestry]
    78 | D:1      | Reached XP level 2. HP: 23/24 MP: 2/2
   393 | D:1      | Reached skill level 3 in Axes
  1026 | D:2      | Reached XP level 3. HP: 29/29 MP: 3/3
  1053 | D:2      | Found Fysom's Jewellery Shoppe.
  1209 | D:2      | Identified the +4 ring mail of Abstinence {rC+}
  1431 | D:2      | Noticed Robin
  1441 | D:2      | Gained mutation: You sometimes emit foul miasma when
                  | damaged in melee. [demonic ancestry]
  1441 | D:2      | Reached XP level 4. HP: 13/35 MP: 4/4
  1442 | D:2      | Reached skill level 4 in Axes
  1450 | D:2      | Killed Robin
  1605 | D:2      | Identified the +3 leather armour of Serendipity {Fly rC+
                  | Regen+}
  2207 | D:3      | Reached XP level 5. HP: 5/39 MP: 5/5
  2207 | D:3      | Slain by a gnoll

Illustrated notes

Levels and vault maps discovered:
D:1:      mushboom_english_gardens, layout_basic, minmay_vboxes
D:2:      layout_loops_corners, serial_shops, shop, uniq_robin
D:3:      layout_basic, nicolae_gozag_cash_rules_everything_around_me,
          serial_undead, serial_undead_e, serial_undead_b, serial_undead_e,
          serial_undead_a, amcnicky_mini_corridor_feature

Skill      XL: |  1  2  3  4 |
---------------+-------------+-----
Axes           | 2 3 4 |  4.8
Fighting       | |  3.0
Armour         | |  2.6
Shields        | |  2.6

Action                     |  1- 3 |  4- 6 || total
---------------------------+-------+-------++-------
  Melee: War axe           |    96 |    31 ||   127
 Armour: Scale mail        |    75 |       ||    75
         Ring mail         |    32 |    10 ||    42
         Leather armour    |       |    25 ||    25
  Dodge: Dodged            |    47 |     8 ||    55
  Block: Buckler           |    28 |    15 ||    43

Table legend: (Time is in decaauts)
 A = Elapsed time spent in this place.
 B = Non-inter-level travel time spent in this place.
 C = Inter-level travel time spent in this place.
 D = Time resting spent in this place.
 E = Time spent auto-exploring this place.
 F = Levels seen in this place.
 G = Mean time per level.
                   A        B        C        D        E       F      G
               +--------+--------+--------+--------+--------+-----+--------+
         Total |   2254 |   2124 |    130 |      0 |   1807 |   3 |  751.3 |
       Dungeon |   2254 |   2124 |    130 |      0 |   1807 |   3 |  751.3 |
               +--------+--------+--------+--------+--------+-----+--------+

Top non-repeatable levels by time:
     D:2: 1039 daAuts
     D:1: 994 daAuts
     D:3: 220 daAuts
